PAAA
NAPERVILLE BATTLEKINGS @ BAKERSFIELD NOBLES
09/15/2022
 
TOP OF THE 1ST
Naperville Battlekings batting - Pitching for Bakersfield Nobles : LHP Tomiji Saikawa
Pitching: LHP Tomiji Saikawa
Batting: RHB Scott Peterson 0-0: Ball
1-0: Ball
2-0: Ground out 1-3 (Groundball, 15S)
Batting: RHB Sal Haynes 0-0: Ball
1-0: Ball
2-0: Fly out, F8 (Flyball, 8RM)
Batting: RHB Pedro González 0-0: Ball
1-0: Swinging Strike
1-1: Ball
2-1: Swinging Strike
2-2: Strikes out swinging
Top of the 1st over - 0 run(s), 0 hit(s), 0 error(s), 0 left on base; Naperville 0 - Bakersfield 0
BOTTOM OF THE 1ST
Bakersfield Nobles batting - Pitching for Naperville Battlekings : RHP Wayne Hurst
Pitching: RHP Wayne Hurst
Batting: LHB Emery Miller 0-0: Called Strike
0-1: Swinging Strike
0-2: Strikes out looking
Batting: LHB Jake Shelton 0-0: Foul Ball, location: 2F
0-1: DOUBLE (Flyball, 7LD)
Batting: LHB Mike Russell 0-0: Called Strike
0-1: Ball
1-1: 2-RUN HOME RUN (Flyball, 89XD), Distance : 392 ft
Batting: LHB Luis Velázquez 0-0: Called Strike
0-1: Ball
1-1: Ball
2-1: Ball
3-1: Base on Balls
Batting: LHB Ricardo Miranda 0-0: Ball
1-0: Foul Ball, location: 2F
1-1: Ball
2-1: Fly out, F7 (Flyball, 7LS)
Batting: RHB Juan Alba 0-0: Called Strike
0-1: Ball
1-1: Ball
2-1: Ground out 5-3 (Groundball, 56)
Bottom of the 1st over - 2 run(s), 2 hit(s), 0 error(s), 1 left on base; Naperville 0 - Bakersfield 2
TOP OF THE 2ND
Naperville Battlekings batting - Pitching for Bakersfield Nobles : LHP Tomiji Saikawa
Batting: LHB Cristo Ramírez 0-0: Fly out, F8 (Popup, 6D)
Batting: RHB Joe Ferneyhough 0-0: Called Strike
0-1: Called Strike
0-2: Foul Ball, location: 2F
0-2: SINGLE (Groundball, 56D)
Batting: RHB Carlos Gómez 0-0: Foul Ball, location: 2F
0-1: Ball
1-1: Foul Ball, location: 2F
1-2: Strikes out swinging
Batting: RHB Tony Sánchez 0-0: Ball
1-0: Swinging Strike
1-1: Ball
2-1: Fly out, F7 (Flyball, 78XD)
Top of the 2nd over - 0 run(s), 1 hit(s), 0 error(s), 1 left on base; Naperville 0 - Bakersfield 2
BOTTOM OF THE 2ND
Bakersfield Nobles batting - Pitching for Naperville Battlekings : RHP Wayne Hurst
Batting: RHB Floyd Mitchell 0-0: Ball
1-0: Called Strike
1-1: Called Strike
1-2: Foul Ball, location: 2F
1-2: Foul Ball, location: 2F
1-2: Fly out, F8 (Flyball, 8RM)
Batting: RHB Luis Jiménez 0-0: Called Strike
0-1: Called Strike
0-2: Ball
1-2: Foul Ball, location: 2F
1-2: Foul Ball, location: 2F
1-2: Ball
2-2: Ground out 5-3 (Groundball, 5S)
Batting: RHB Ron Gérard 0-0: Swinging Strike
0-1: SINGLE (Groundball, 6)
Batting: LHB Emery Miller 0-0: Called Strike
0-1: Ball
1-1: Called Strike
1-2: Ball
2-2: Foul Ball, location: 2F
2-2: Foul Ball, location: 2F
2-2: Foul Ball, location: 2F
2-2: Foul Ball, location: 2F
2-2: Foul Ball, location: 2F
2-2: Ball
3-2: Foul Ball, location: 2F
3-2: Base on Balls
Ron Gérard to second
Batting: LHB Jake Shelton 0-0: Called Strike
0-1: Ball
1-1: Ball
2-1: Ball
3-1: Base on Balls
Ron Gérard to third
Emery Miller to second
Batting: LHB Mike Russell 0-0: Fly out, F5 (Popup, 5DF)
Bottom of the 2nd over - 0 run(s), 1 hit(s), 0 error(s), 3 left on base; Naperville 0 - Bakersfield 2
TOP OF THE 3RD
Naperville Battlekings batting - Pitching for Bakersfield Nobles : LHP Tomiji Saikawa
Batting: RHB Tim Little 0-0: Called Strike
0-1: Ball
1-1: Fly out, F7 (Flyball, 7M)
Batting: LHB Alfonso Martínez 0-0: Called Strike
0-1: Ball
1-1: Foul Ball, location: 2F
1-2: Ball
2-2: Ball
3-2: Strikes out looking
Batting: RHB Scott Peterson 0-0: Called Strike
0-1: Foul Ball, location: 2F
0-2: Ball
1-2: Strikes out swinging
Top of the 3rd over - 0 run(s), 0 hit(s), 0 error(s), 0 left on base; Naperville 0 - Bakersfield 2
BOTTOM OF THE 3RD
Bakersfield Nobles batting - Pitching for Naperville Battlekings : RHP Wayne Hurst
Batting: LHB Luis Velázquez 0-0: Ball
1-0: Ball
2-0: Ball
3-0: Base on Balls
Batting: LHB Ricardo Miranda 0-0: Called Strike
0-1: Ball
1-1: Foul Ball, location: 2F
1-2: Ball
2-2: Strikes out swinging
Batting: RHB Juan Alba 0-0: Called Strike
0-1: Ball
1-1: Foul Ball, location: 2F
1-2: Ball
2-2: Grounds into double play, 5-4-3 (Groundball, 5L)
Bottom of the 3rd over - 0 run(s), 0 hit(s), 0 error(s), 0 left on base; Naperville 0 - Bakersfield 2
TOP OF THE 4TH
Naperville Battlekings batting - Pitching for Bakersfield Nobles : LHP Tomiji Saikawa
Batting: RHB Sal Haynes 0-0: Called Strike
0-1: Ground out 1-3 (Groundball, 13S)
Batting: RHB Pedro González 0-0: Swinging Strike
0-1: Ball
1-1: Swinging Strike
1-2: Ball
2-2: Ball
3-2: Base on Balls
Batting: LHB Cristo Ramírez 0-0: Called Strike
0-1: Ball
1-1: Foul Ball, location: 2F
1-2: Grounds into double play, 6-4-3 (Groundball, 6M)
Top of the 4th over - 0 run(s), 0 hit(s), 0 error(s), 0 left on base; Naperville 0 - Bakersfield 2
BOTTOM OF THE 4TH
Bakersfield Nobles batting - Pitching for Naperville Battlekings : RHP Wayne Hurst
Batting: RHB Floyd Mitchell 0-0: Ball
1-0: Foul Ball, location: 2F
1-1: SINGLE (Groundball, 6MD)
Batting: RHB Luis Jiménez 0-0: Called Strike
0-1: Ball
1-1: Called Strike
1-2: Ground out 4-3 (Groundball, 13)
Floyd Mitchell to second
Pitching: LHP Dusty Muhidini
Batting: RHB Ron Gérard 0-0: Ground out 4-3 (Groundball, 34)
Floyd Mitchell to third
Batting: LHB Emery Miller 0-0: Swinging Strike
0-1: Called Strike
0-2: Ball
1-2: Fly out, F8 (Flyball, 8RXD)
Bottom of the 4th over - 0 run(s), 1 hit(s), 0 error(s), 1 left on base; Naperville 0 - Bakersfield 2
TOP OF THE 5TH
Naperville Battlekings batting - Pitching for Bakersfield Nobles : LHP Tomiji Saikawa
Batting: RHB Joe Ferneyhough 0-0: Called Strike
0-1: Swinging Strike
0-2: Ball
1-2: Ball
2-2: Strikes out looking
Batting: RHB Carlos Gómez 0-0: Called Strike
0-1: Foul Ball, location: 2F
0-2: Strikes out swinging
Batting: RHB Tony Sánchez 0-0: Swinging Strike
0-1: SINGLE (Groundball, 56D)
Batting: RHB Tim Little 0-0: Called Strike
0-1: Swinging Strike
0-2: Ball
1-2: Fly out, F7 (Flyball, 7M)
Top of the 5th over - 0 run(s), 1 hit(s), 0 error(s), 1 left on base; Naperville 0 - Bakersfield 2
BOTTOM OF THE 5TH
Bakersfield Nobles batting - Pitching for Naperville Battlekings : LHP Dusty Muhidini
Batting: LHB Jake Shelton 0-0: Ground out U3 (Groundball, 3L)
Batting: LHB Mike Russell 0-0: Ball
1-0: Ball
2-0: Swinging Strike
2-1: Called Strike
2-2: Foul Ball, location: 2F
2-2: Foul Ball, location: 2F
2-2: Reached on error, E3 (Groundball, 3)
Batting: LHB Luis Velázquez 0-0: Ball
1-0: Ball
2-0: Ball
3-0: Called Strike
3-1: Fly out, F7 (Flyball, 78D)
Batting: LHB Ricardo Miranda 0-0: Ground out 2-3 (Groundball, 2R)
Bottom of the 5th over - 0 run(s), 0 hit(s), 1 error(s), 1 left on base; Naperville 0 - Bakersfield 2
TOP OF THE 6TH
Naperville Battlekings batting - Pitching for Bakersfield Nobles : LHP Tomiji Saikawa
Batting: LHB Alfonso Martínez 0-0: Called Strike
0-1: Ball
1-1: Called Strike
1-2: Fly out, F3 (Popup, 3SF)
Batting: RHB Scott Peterson 0-0: Ground out 6-3 (Groundball, 6)
Batting: RHB Sal Haynes 0-0: Ball
1-0: Called Strike
1-1: Foul Ball, location: 2F
1-2: Ground out 6-3 (Groundball, 6S)
Top of the 6th over - 0 run(s), 0 hit(s), 0 error(s), 0 left on base; Naperville 0 - Bakersfield 2
BOTTOM OF THE 6TH
Bakersfield Nobles batting - Pitching for Naperville Battlekings : LHP Dusty Muhidini
Batting: RHB Juan Alba 0-0: Called Strike
0-1: Ground out 1-3 (Groundball, 15S)
Batting: RHB Floyd Mitchell 0-0: Foul Ball, location: 2F
0-1: Ball
1-1: SOLO HOME RUN (Flyball, 7D), Distance : 383 ft
Batting: RHB Luis Jiménez 0-0: Called Strike
0-1: Called Strike
0-2: Fly out, F8 (Flyball, 8LM)
Batting: RHB Ron Gérard 0-0: Ball
1-0: Ball
2-0: Fly out, F9 (Flyball, 89M)
Bottom of the 6th over - 1 run(s), 1 hit(s), 0 error(s), 0 left on base; Naperville 0 - Bakersfield 3
TOP OF THE 7TH
Naperville Battlekings batting - Pitching for Bakersfield Nobles : LHP Tomiji Saikawa
Batting: RHB Pedro González 0-0: Ball
1-0: SINGLE (Groundball, 34D)
Batting: LHB Cristo Ramírez 0-0: Ball
1-0: Called Strike
1-1: Foul Ball, location: 2F
1-2: Ball
2-2: Ball
3-2: Fly out, F7 (Flyball, 7M)
Batting: RHB Joe Ferneyhough 0-0: SINGLE (Groundball, 25) (infield hit)
Pedro González to second
Batting: RHB Carlos Gómez 0-0: Foul Ball, location: 2F
0-1: Called Strike
0-2: Foul Ball, location: 2F
0-2: Foul Ball, location: 2F
0-2: Ball
1-2: Strikes out swinging
Batting: RHB Tony Sánchez 0-0: Foul Ball, location: 2F
0-1: Ball
1-1: Ball
2-1: Ball
3-1: Ground out 2-3 (Groundball, 2R)
Top of the 7th over - 0 run(s), 2 hit(s), 0 error(s), 2 left on base; Naperville 0 - Bakersfield 3
BOTTOM OF THE 7TH
Bakersfield Nobles batting - Pitching for Naperville Battlekings : LHP Dusty Muhidini
Batting: LHB Emery Miller 0-0: SINGLE (Line Drive, 7S)
Batting: LHB Jake Shelton 0-0: Called Strike
0-1: Ball
1-1: Bunted foul
1-2: Ball
2-2: Foul Ball, location: 2F
2-2: Ball
3-2: Foul Ball, location: 2F
3-2: Base on Balls
Emery Miller to second
Batting: LHB Mike Russell 0-0: SINGLE (Line Drive, 6M)
Emery Miller to third
Jake Shelton to second
Batting: LHB Luis Velázquez 0-0: Ball
1-0: Ball
2-0: Foul Ball, location: 2F
2-1: Foul Ball, location: 2F
2-2: Grounds into double play, 5-2-3 (Groundball, 5L)
Jake Shelton to third
Mike Russell to second
Batting: LHB Ricardo Miranda 0-0: Ground out 5-3 (Groundball, 56S)
Bottom of the 7th over - 0 run(s), 2 hit(s), 0 error(s), 2 left on base; Naperville 0 - Bakersfield 3
TOP OF THE 8TH
Naperville Battlekings batting - Pitching for Bakersfield Nobles : LHP Tomiji Saikawa
Batting: RHB Tim Little 0-0: Called Strike
0-1: Ball
1-1: Foul Ball, location: 2F
1-2: Ball
2-2: Fly out, F8 (Flyball, 8LS)
Batting: LHB Alfonso Martínez 0-0: Called Strike
0-1: Ball
1-1: Ground out 6-3 (Groundball, 6M)
Batting: RHB Scott Peterson 0-0: Called Strike
0-1: Ball
1-1: Fly out, F8 (Flyball, 8RS)
Top of the 8th over - 0 run(s), 0 hit(s), 0 error(s), 0 left on base; Naperville 0 - Bakersfield 3
BOTTOM OF THE 8TH
Bakersfield Nobles batting - Pitching for Naperville Battlekings : LHP Dusty Muhidini
Batting: RHB Juan Alba 0-0: Called Strike
0-1: Ball
1-1: Foul Ball, location: 2F
1-2: Ball
2-2: Ball
3-2: Ground out U3 (Groundball, 3)
Pitching: LHP Jason Puckett
Batting: RHB Floyd Mitchell 0-0: Ball
1-0: Ball
2-0: Ball
3-0: Called Strike
3-1: Fly out, F7 (Flyball, 7S)
Batting: RHB Luis Jiménez 0-0: Called Strike
0-1: Ball
1-1: Ball
2-1: Ground out 6-3 (Groundball, 6M)
Bottom of the 8th over - 0 run(s), 0 hit(s), 0 error(s), 0 left on base; Naperville 0 - Bakersfield 3
TOP OF THE 9TH
Naperville Battlekings batting - Pitching for Bakersfield Nobles : LHP Tomiji Saikawa
Pitching: RHP Marcos López
Batting: RHB Sal Haynes 0-0: Foul Ball, location: 2F
0-1: Swinging Strike
0-2: Foul Ball, location: 2F
0-2: Ball
1-2: Ball
2-2: Foul Ball, location: 2F
2-2: SOLO HOME RUN (Flyball, 8LXD), Distance : 440 ft
Batting: RHB Pedro González 0-0: Ball
1-0: Called Strike
1-1: Ball
2-1: Foul Ball, location: 2F
2-2: Ball
3-2: SINGLE (Line Drive, 4MD)
Batting: LHB Cristo Ramírez 0-0: Ball
1-0: Foul Ball, location: 2F
1-1: Ball
2-1: Foul Ball, location: 2F
2-2: Ball
3-2: Fly out, F7 (Line Drive, 78M)
Batting: RHB Joe Ferneyhough 0-0: Ball
1-0: Fly out, F8 (Flyball, 8LD)
Pinch Hitting: LHB Jim Unknown 0-0: Called Strike
0-1: Ground out 4-3 (Groundball, 4)
Top of the 9th over - 1 run(s), 2 hit(s), 0 error(s), 1 left on base; Naperville 1 - Bakersfield 3
This league is powered by Out of the Park Baseball, the baseball management simulation game for PC, Mac and Linux
Friday, April 15th, 2016 - OOTP Baseball 16.9 Build 39